 Dungeon Crawl Stone Soup version 0.13-a0-2484-gc765b08 (webtiles) character file.

11572 Grabo the Martial Artist (level 11, -3/74 (78) HPs)
             Began as a Pale Draconian Transmuter on July 20, 2013.
             Was a Priest of Okawaru.
             Killed from afar by an electric eel (10 damage)
             ... with a bolt of electricity
             ... on Level 12 of the Dungeon.
             The game lasted 00:51:08 (16013 turns).

Grabo the Martial Artist (DrTm)                    Turns: 16013, Time: 00:51:08

HP  -3/74 (78)   AC 10     Str 12      XL: 11   Next: 48%
MP  17/25        EV 14     Int 14      God: Okawaru [***...]
Gold 228         SH  0     Dex 13      Spells:  4 memorised,  3 levels left

Res.Fire  : + . .   See Invis. : .     - Unarmed
Res.Cold  : x . .   Warding    : .   (armour unavailable)
Life Prot.: . . .   Conserve   : .   (shield currently unavailable)
Res.Poison: .       Res.Corr.  : .   (helmet restricted)
Res.Elec. : .       Clarity    : +   z - +2 orc cloak
Sust.Abil.: . .     Spirit.Shd : .   (gloves currently unavailable)
Res.Mut.  : .       Stasis     : .   (no boots)
Res.Rott. : .       Flight     : .   n - amulet of clarity
Saprovore : . . .                    H - ring of fire
                                     o - cursed ring of magical power

@: blade hands (expiring), short of breath, somewhat resistant to hostile
enchantments, unstealthy
A: breathe steam, unfitting armour, large and strong wings, horns 1, carnivore
1, AC +7, Str -1, Dex -1
a: Breathe Steam, Fly, End Transformation, Heroism, Renounce Religion


You were on level 12 of the Dungeon.
You worshipped Okawaru.
Okawaru was greatly pleased with you.
You were hungry.
Your hands were blades.
You visited 2 branches of the dungeon, and saw 13 of its levels.

You collected 374 gold pieces.
You spent 166 gold pieces at shops.

Inventory:

Missiles
 q - 4 poisoned arrows
 C - 5 javelins (quivered)
Armour
 z - a +2 orcish cloak (worn)
Magical devices
 g - a wand of slowing (14)
 u - a wand of fire (8)
 y - a wand of fire (3)
 B - a wand of paralysis (17)
 K - a wand of disintegration (12)
 O - a wand of paralysis (2)
Comestibles
 a - 13 bread rations
 f - 4 chokos
 j - 2 pears
 t - 7 meat rations
 x - a lychee
 Q - an apricot
 R - 3 sultanas
 S - 4 honeycombs
Scrolls
 e - a scroll of teleportation
 h - a scroll of blinking
 k - 3 scrolls of enchant weapon I
 l - 3 scrolls of remove curse
 p - a scroll of enchant weapon II
 r - a scroll of identify
 w - 3 scrolls of magic mapping
 D - a scroll of curse armour {unknown}
Jewellery
 n - an amulet of clarity (around neck)
 o - a cursed ring of magical power (left scythe-like blade)
 E - a cursed ring of teleport control
 H - a ring of fire (right scythe-like blade)
Potions
 c - 7 potions of curing
 i - 2 potions of restore abilities
 m - 2 potions of berserk rage
 v - a potion of cure mutation
 A - 2 potions of speed
 N - a potion of brilliance
Books
 b - a book of Alchemy

   Spells                             Type                      Level
   Lethal Infusion                    Charms/Necromancy            2
   Sublimation of Blood               Necromancy                   2
   Condensation Shield                Ice                          4
   Alistair's Intoxication            Transmutation/Poison         4
   Petrify                            Transmutation/Earth          4
   Ignite Poison                      Fire/Transmutation           5
 d - a book of Changes

   Spells                             Type                      Level
   *Beastly Appendage                 Transmutation                1
   *Sticks to Snakes                  Transmutation                2
   *Spider Form                       Transmutation/Poison         3
   Ice Form                           Ice/Transmutation            4
   *Blade Hands                       Transmutation                5
 F - a book of the Tempests

   Spells                             Type                      Level
   Static Discharge                   Conjuration/Air              3
   Lightning Bolt                     Conjuration/Air              5
   Fireball                           Conjuration/Fire             5
   Tornado                            Air                          9
   Shatter                            Earth                        9


   Skills:
 - Level 1.1 Fighting
 + Level 5.1 Dodging
 + Level 14.3 Unarmed Combat
 - Level 2.0 Spellcasting
 - Level 10.0 Transmutations


You had 3 spell levels left.
You knew the following spells:

 Your Spells              Type           Power        Failure   Level  Hunger
a - Beastly Appendage     Trmt           ####..       12%         1    ##.....
b - Sticks to Snakes      Trmt           ####......   14%         2    ###....
c - Spider Form           Trmt/Pois      ###.......   45%         3    ####...
d - Blade Hands           Trmt           ####......   50%         5    ######.


Dungeon Overview and Level Annotations

Branches:
Dungeon (12/27)            Temple (1/1) D:6             Orc (0/4) D:10
   Lair: D:8-13

Altars:
Ashenzari
Cheibriados
Elyvilon
Fedhas
Kikubaaqudgha
Makhleb
Nemelex Xobeh
Okawaru
Sif Muna
Trog
Vehumet
Xom
Yredelemnul
Zin
the Shining One

Shops:
D:4: *}?? D:11: *


Innate Abilities, Weirdness & Mutations

You can breathe blasts of scalding steam.*
Your pale cyan-grey scales are hard (AC +7).*
Your body does not fit into most forms of armour.
Your cold-blooded metabolism reacts poorly to cold.
Your wings are large and strong.*
You have a pair of small horns on your head.*
Your digestive system is specialised to digest meat.
You are clumsy (Dex -1).
You are weak (Str -1).


Message History

The hippogriff is heavily wounded.
You slice the hippogriff!!
You kill the hippogriff!
Okawaru accepts your kill.
You slash the troll! Your headbutt misses the troll.
The troll is severely wounded.
You slash the troll!
The troll is almost dead.
Your transformation is almost over.
The troll bites you!
* * * LOW HITPOINT WARNING * * *
The troll claws you.
* * * LOW HITPOINT WARNING * * *
The troll closely misses you.
The electric eel shoots out a bolt of electricity!
The bolt of electricity hits you!
* * * LOW HITPOINT WARNING * * *
The electric eel shoots out a bolt of electricity!
The bolt of electricity hits you!
You die...

... .......
..... .%... ≈ #.
#...# ≈≈≈
#..###...# .;≈≈
#.....%..#.{≈≈^
#......%%...≈≈h.
#...8.)@....;≈≈.
#......#T...≈≈≈.
#...... ..%..f≈
#.##### .....≈≈
# ....≈;≈ .#..≈≈
.#.≈. .#.. .


You could see a troll, a shark, an active ballistomycete, a hound and 2 electric
eels.

Vanquished Creatures
  4 orange demons (D:6)
  A troll (D:11)
  A two-headed ogre (D:11)
  A wraith (D:11)
  A wyvern (D:9)
  10 yaks
  A hill giant zombie (D:12)
  2 hippogriffs (D:12)
  Eustachio (D:4)
  2 hungry ghosts
  2 wolves (D:12)
  A spriggan skeleton (D:10)
  Menkaure (D:4)
  2 manticores (D:9)
  5 necrophages
  A gargoyle (D:11)
  2 yellow wasps
  2 dwarves (D:9)
  A giant goldfish (D:8)
  An ice beast (D:5)
  3 phantoms
  A black bear (D:10)
  3 sky beasts
  3 ogres
  8 centaurs
  2 orc warriors (D:10)
  A rotting devil (D:6)
  2 boring beetles (D:11)
  3 giant frogs
  A big kobold (D:9)
  Blork the orc (D:9)
  A gnoll sergeant (D:5)
  2 water moccasins
  4 wights
  15 killer bees
  2 yak zombies (D:12)
  3 jellyfish (D:8)
  A troll skeleton (D:10)
  An electric eel (D:12)
  6 crimson imps
  2 giant frog zombies (D:12)
  A big fish (D:8)
  8 hounds
  4 orc priests
  A centaur skeleton (D:10)
  An iguana (D:9)
  An iron imp (D:4)
  11 worker ants
  7 orc wizards
  A killer bee zombie (D:5)
  9 jellies
  2 mummies (D:12)
  12 adders
  12 gnolls
  A green rat (D:4)
  An inept feature mimic (D:6)
  A giant centipede (D:8)
  A shadow imp (D:10)
  3 giant mites
  An inept item mimic (D:3)
  A goliath beetle zombie (D:6)
  3 worms
  A scorpion zombie (D:10)
  A giant centipede zombie (D:11)
  2 iguana skeletons
  A grey rat (D:4)
  2 giant eyeballs
  8 giant geckos
  39 orcs
  11 bats
  5 giant cockroaches
  18 goblins
  20 hobgoblins
  4 jackals (D:7)
  26 kobolds
  4 quokkas
  2 ball pythons
  A giant gecko skeleton (D:7)
  2 giant spores
  A goblin skeleton (D:4)
  A hobgoblin skeleton (D:8)
  A hobgoblin zombie (D:5)
  A jackal zombie (D:6)
  A kobold zombie (D:8)
  An orc skeleton (D:7)
  15 rats
  5 ballistomycetes (D:9)
362 creatures vanquished.

Vanquished Creatures (collateral kills)
  Sigmund (D:2)
  3 orcs (D:3)
4 creatures vanquished.

Vanquished Creatures (others)
  2 hounds (D:12)
  An orc (D:12)
  A jackal (D:12)
  A fungus (D:6)
5 creatures vanquished.

Grand Total: 371 creatures vanquished

Notes
Turn   | Place    | Note
--------------------------------------------------------------
     0 | D:1      | Grabo, the Draconian Transmuter, began the quest for the Orb.
     0 | D:1      | Reached XP level 1. HP: 16/16 MP: 1/1
   157 | D:1      | Reached XP level 2. HP: 21/23 MP: 3/3
   849 | D:2      | Reached XP level 3. HP: 23/28 MP: 2/4
   915 | D:2      | Reached skill level 4 in Unarmed Combat
  1110 | D:2      | Noticed Sigmund
  1257 | D:1      | Learned a level 2 spell: Sticks to Snakes
  1513 | D:2      | Killed Sigmund
  1513 | D:2      | Reached XP level 4. HP: 21/35 MP: 4/6
  1908 | D:3      | Found a basalt altar of Yredelemnul.
  2500 | D:3      | Reached skill level 5 in Unarmed Combat
  2500 | D:3      | Reached XP level 5. HP: 26/40 MP: 7/7
  2723 | D:4      | Found Bieseaduat's Assorted Antiques.
  2742 | D:4      | Bought 3 scrolls labeled ITOKETT MABYSI for 75 gold pieces
  2745 | D:4      | Gained mutation: Your digestive system is specialised to digest meat. [potion of mutation]
  2745 | D:4      | Gained mutation: You are weak (Str -1). [potion of mutation]
  2745 | D:4      | Gained mutation: You have a pair of small horns on your head. [potion of mutation]
  2788 | D:4      | Found Psoisor's Gadget Shoppe.
  2798 | D:4      | Found Zicreoga's Magic Scroll Boutique.
  2834 | D:4      | Noticed Eustachio
  2865 | D:4      | Reached XP level 6. HP: 3/47 MP: 9/9
  3402 | D:4      | Killed Eustachio
  3402 | D:4      | Reached skill level 6 in Unarmed Combat
  3492 | D:4      | Bought a scroll of remove curse for 39 gold pieces
  3620 | D:4      | Noticed Menkaure
  3636 | D:4      | Killed Menkaure
  3636 | D:4      | Your scales start fading to a pale cyan-grey colour.
  3636 | D:4      | Reached XP level 7. HP: 34/52 MP: 10/10
  3858 | D:4      | Reached skill level 7 in Unarmed Combat
  3893 | D:4      | Reached skill level 5 in Transmutations
  4191 | D:4      | Found Tury's Magic Scroll Boutique.
  4197 | D:4      | Bought a scroll of identify for 26 gold pieces
  4197 | D:4      | Bought a scroll of identify for 26 gold pieces
  4623 | D:5      | Entered Level 5 of the Dungeon
  4630 | D:5      | Found a burning altar of Makhleb.
  4636 | D:5      | Learned a level 3 spell: Spider Form
  4896 | D:5      | Reached skill level 8 in Unarmed Combat
  4936 | D:5      | Reached XP level 8. HP: 40/60 MP: 12/12
  6001 | D:6      | Reached skill level 9 in Unarmed Combat
  6599 | D:5      | Learned a level 5 spell: Blade Hands
  6954 | D:6      | Found a staircase to the Ecumenical Temple.
  6965 | Temple   | Entered the Ecumenical Temple
  7080 | D:6      | Noticed an orange demon
  7080 | D:6      | Noticed an orange demon
  7107 | D:6      | Killed an orange demon
  7306 | D:6      | Killed an orange demon
  7306 | D:6      | Reached skill level 10 in Unarmed Combat
  7306 | D:6      | Reached XP level 9. HP: 49/66 MP: 13/13
  7443 | D:6      | Found a staircase to the Orcish Mines.
  7447 | D:6      | the staircase to the Orcish Mines was a mimic.
  7473 | D:6      | Noticed an orange demon
  7474 | D:6      | Noticed an orange demon
  7510 | D:6      | Killed an orange demon
  7557 | D:6      | Killed an orange demon
  8124 | D:7      | Reached skill level 11 in Unarmed Combat
  8266 | D:7      | Found a shimmering altar of Xom.
  9780 | D:8      | Reached XP level 10. HP: 68/72 MP: 15/15
 10025 | D:8      | Paralysed by a yellow wasp for 3 turns
 10257 | D:9      | Reached skill level 12 in Unarmed Combat
 10889 | D:9      | Found an iron altar of Okawaru.
 10924 | D:9      | Became a worshipper of Warmaster Okawaru
 11322 | D:9      | Noticed Blork the orc
 11336 | D:9      | Killed Blork the orc
 11404 | D:9      | Acquired Okawaru's first power
 11459 | D:9      | Found a bloodstained altar of Trog.
 11614 | D:9      | Paralysed by a giant eyeball for 2 turns
 11657 | D:10     | Entered Level 10 of the Dungeon
 11826 | D:10     | Gained mutation: You are clumsy (Dex -1). [mutagenic meat]
 11827 | D:10     | Gained mutation: Your wings are large and strong. [mutagenic meat]
 11970 | D:10     | Reached skill level 13 in Unarmed Combat
 12318 | D:10     | Found a staircase to the Orcish Mines.
 12883 | D:10     | Reached skill level 10 in Transmutations
 13480 | D:11     | Reached XP level 11. HP: 72/78 MP: 16/16
 13607 | D:11     | Found Cear's Pet Rocks.
 14676 | D:11     | Found a burning altar of Makhleb.
 14855 | D:12     | Reached skill level 14 in Unarmed Combat
 16000 | D:12     | Reached skill level 5 in Dodging
 16013 | D:12     | Killed from afar by an electric eel

Action                   |  1- 3 |  4- 6 |  7- 9 | 10-12 || total
-------------------------+-------+-------+-------+-------++-------
Melee: Unarmed           |   163 |   193 |   460 |   525 ||  1341
Throw: Javelin           |       |       |    22 |    55 ||    77
 Cast: Beastly Appendage |     4 |     5 |     5 |     4 ||    18
       Sticks to Snakes  |     7 |     5 |       |       ||    12
       Blade Hands       |       |       |       |     6 ||     6
Invok: Heroism           |       |       |       |     1 ||     1
 Abil: Breathe Steam     |       |       |    39 |    45 ||    84
       Fly               |       |       |       |     1 ||     1
Evoke: Wand              |       |     4 |     7 |     2 ||    13
  Use: Scroll            |       |    10 |     4 |    14 ||    28
       Potion            |       |     1 |     3 |     1 ||     5
 Stab: Sleeping          |       |     1 |     2 |     1 ||     4
       Paralysed         |       |       |     4 |       ||     4
